 Dungeon Crawl Stone Soup version 0.30-a0-728-gc68057be0a (webtiles) character file.

Game seed: 4134988087841325717

132 Dittersdorf the Covered (level 5, -1/33 HPs)
             Began as a Gargoyle Fighter on Jan 31, 2023.
             Slain by Ijyb
             ... wielding a +0 club
              (5 damage)
             ... on level 2 of the Dungeon.
             The game lasted 00:05:58 (1748 turns).

Dittersdorf the Covered (Gargoyle Fighter)          Turns: 1748, Time: 00:05:58

Health: -1/33      AC: 11    Str: 22    XL:     5   Next: 15%
Magic:  5/5        EV:  9    Int:  8    God:
Gold:   137        SH:  4    Dex:  9    Spells: 4/4 levels left

rFire   . . .      SeeInvis .    a - +0 flail
rCold   . . .      Faith    .    c - +0 buckler
rNeg    + . .      Spirit   .    b - +0 scale mail
rPois   ∞          Reflect  .    (no helmet)
rElec   +          Harm     .    (no cloak)
rCorr   .          Rampage  .    (no gloves)
Will    .....                    (no boots) Stlth
                                 (no amulet)
HPRegen 0.25/turn                (no ring)
MPRegen 0.09/turn                (no ring)

@: no status effects
A: sickness immunity, AC +4, negative energy resistance 1, electricity
resistance, torment resistance 1, petrification resistance
a: no special abilities


You were on level 2 of the Dungeon.
You visited 1 branch of the dungeon, and saw 3 of its levels.

You collected 137 gold pieces.

Inventory:

Hand Weapons
 a - a +0 flail (weapon)
Missiles
 f - 6 poisoned darts (quivered)
Armour
 b - a +0 scale mail (worn)
 c - a +0 buckler (worn)
Scrolls
 e - a scroll of teleportation {unknown}
 h - a scroll of acquirement {unknown}
 i - a scroll of magic mapping {unknown}
 k - a scroll of brand weapon {unknown}
 m - 2 scrolls of poison {unknown}
 n - a scroll of amnesia {unknown}
 p - a scroll of enchant weapon {unknown}
 q - 7 scrolls of identify {unknown}
 r - a scroll of immolation {unknown}
 s - a scroll of fear {unknown}
Potions
 d - a potion of might
 g - a potion of heal wounds {unknown}
 j - a potion of haste {unknown}
 l - a potion of flight {unknown}
 o - a potion of magic {unknown}


   Skills:
 + Level 4.2 Fighting
 + Level 3.0 Maces & Flails
 + Level 4.3 Armour
 + Level 4.1 Shields


You had 4 spell levels left.
You didn't know any spells.
Your spell library was empty.

Dungeon Overview and Level Annotations

Branches:
Dungeon (3/15)

Altars:
Sif Muna

Annotations:
D:2 Ijyb


Innate Abilities, Weirdness & Mutations

You are immune to sickness and miasma.
Your stone body is resilient. (AC +4)
You are immune to poison.
You resist negative energy. (rN+)
You are resistant to electric shocks. (rElec)
You are resistant to unholy torment.
You are immune to petrification.


Message History

The giant cockroach bites you but does no damage.
You block Ijyb's attack. The giant cockroach barely misses you.
Ijyb hits you with a +0 club.
You sock the giant cockroach!
You kill the giant cockroach!
You block Ijyb's attack.
You thump Ijyb!
Ijyb is moderately wounded.
Ijyb zaps a wand.
The puff of flame hits you!
You hit Ijyb.
Ijyb is heavily wounded.
Ijyb zaps a wand.
The puff of flame hits you but does no damage.
You hit Ijyb but do no damage.
Ijyb is heavily wounded.
Ijyb closely misses you. Ijyb hits you but does no damage.
You sock Ijyb!
Ijyb is almost dead.
Ijyb hits you with a +0 club.
You hit Ijyb.
Ijyb is almost dead.
Ijyb hits you with a +0 club.
You closely miss Ijyb.
Ijyb is almost dead.
Ijyb screams, "I dance on your bones!"
Ijyb zaps a wand.
The puff of flame hits you!
* * * LOW HITPOINT WARNING * * *
You block Ijyb's attack.
You closely miss Ijyb.
Ijyb is almost dead.
Ijyb hits you but does no damage.
You hit Ijyb but do no damage.
Ijyb is almost dead.
Ijyb screams, "I dance on your bones!"
Ijyb zaps a wand.
The puff of flame hits you.
* * * LOW HITPOINT WARNING * * *
You closely miss Ijyb.
Ijyb is almost dead.
Ijyb hits you with a +0 club.
You die...

#.# ##.# #.##.# #.#
#.#####.##.# #.#
#.#.....##.# ..#
#.#.######.# #.#
#.#.# #..# #.# #.#.#
#.## ..# ##### #.#.#
#.# ######>..# #g#.#
#.# .........# #@#.#
#.#
######..<#######†#.#
#.# #
##.##.........#####.#
#
#..................#
#
####.#####.#########
# #.##....# #.##.####
#.##.# #.##.#


You could see Ijyb.

Vanquished Creatures
  Jessica (D:2)
  An orc wizard (D:2)
  3 adders
  A worm (D:3)
  2 dart slugs
  2 orcs (D:3)
  A bat (D:2)
  4 endoplasms
  3 giant cockroaches (D:2)
  2 goblins (D:2)
  2 hobgoblins (D:1)
  6 jackals
  A quokka (D:1)
  5 ball pythons
  A frilled lizard (D:2)
  6 kobolds
  2 rats (D:2)
43 creatures vanquished.

Notes
Turn   | Place    | Note
-------+----------+-------------------------------------------
     0 | D:1      | Dittersdorf the Gargoyle Fighter began the quest for the
                  | Orb.
     0 | D:1      | Reached XP level 1. HP: 14/14 MP: 1/1
   389 | D:1      | Reached XP level 2. HP: 19/19 MP: 2/2
   849 | D:2      | Reached XP level 3. HP: 20/23 MP: 3/3
   918 | D:2      | Noticed Jessica
   923 | D:2      | Killed Jessica
   983 | D:2      | Found a shimmering blue altar of Sif Muna.
  1023 | D:2      | Reached XP level 4. HP: 29/29 MP: 4/4
  1636 | D:3      | Noticed Ijyb
  1710 | D:2      | Reached XP level 5. HP: 27/33 MP: 5/5
  1748 | D:2      | Slain by Ijyb

Illustrated notes

Levels and vault maps discovered:
D:1:      saegor_arrival_miasma, layout_loops_ring, minmay_statues_item,
          kennysheep_boxes
D:2:      layout_loops_ring, basic_altar, feat_on_display, uniq_jessica
D:3:      minmay_door_path, layout_basic, marbit_many_paths,
          minmay_stone_trees_small, uniq_ijyb

Skill      XL: |  1  2  3  4 |
---------------+-------------+-----
Armour         | 4 |  4.3
Shields        | 4 |  4.1
Fighting       | 4 |  4.2
Maces & Flails | 3 |  3.0

Action                     |  1- 3 |  4- 6 || total
---------------------------+-------+-------++-------
  Melee: Flail             |    71 |    83 ||   154
 Armour: Scale mail        |    40 |    47 ||    87
  Dodge: Dodged            |    35 |    40 ||    75
  Block: Buckler           |    13 |    17 ||    30

Table legend: (Time is in decaauts)
 A = Elapsed time spent in this place.
 B = Non-inter-level travel time spent in this place.
 C = Inter-level travel time spent in this place.
 D = Time resting spent in this place.
 E = Time spent auto-exploring this place.
 F = Levels seen in this place.
 G = Mean time per level.
                   A        B        C        D        E       F      G
               +--------+--------+--------+--------+--------+-----+--------+
         Total |   1797 |   1735 |     62 |     63 |   1283 |   3 |  599.0 |
       Dungeon |   1797 |   1735 |     62 |     63 |   1283 |   3 |  599.0 |
               +--------+--------+--------+--------+--------+-----+--------+

Top non-repeatable levels by time:
     D:1: 845 daAuts
     D:2: 787 daAuts
     D:3: 164 daAuts
